 Dungeon Crawl Stone Soup version 0.19.1 (webtiles) character file.

477 empire the Sneak (level 7, 0/34 HPs)
             Began as a Vine Stalker Assassin on Dec 12, 2016.
             Slain by an ice beast (10 damage)
             ... on level 5 of the Dungeon.
             The game lasted 00:10:13 (2868 turns).

empire the Sneak (Vine Stalker Assassin)            Turns: 2868, Time: 00:10:14

Health: 0/34       AC:  4    Str: 13 (14) XL:     7   Next: 11%
Magic:  0/9        EV: 11    Int:  9 (11) God:
Gold:   38         SH:  0    Dex: 16 (17) Spells: 2 memorised, 5 levels left

rFire  . . .     SeeInvis .     a - +3 dagger
rCold  . . .     Gourm    .     c - +0 robe
rNeg   . . .     Faith    .     (no shield)
rPois  .         Spirit   +     (no helmet)
rElec  .         Reflect  .     d - +0 cloak
rCorr  .         Harm     .     (no gloves)
MR     .....                    h - +0 pair of boots
Stlth  ++++......               (no amulet)
                                (no ring)
                                (no ring)

@: no status effects
A: fangs 2, regeneration 1, magic shield, antimagic bite, no device heal 3, rot
immunity
a: no special abilities


You were on level 5 of the Dungeon.
You were not hungry.

You visited 1 branch of the dungeon, and saw 5 of its levels.

You collected 220 gold pieces.
You spent 182 gold pieces at shops.

Inventory:

Hand Weapons
 a - a +3 dagger (weapon)
 b - a +0 blowgun
 v - a cursed -2 trident
 E - a +2 falchion of electrocution
Missiles
 e - 26 poisoned needles
 f - 2 curare-tipped needles
 o - 66 arrows
 t - 5 javelins (quivered)
Armour
 c - a +0 robe (worn)
 d - a +0 cloak (worn)
 h - a +0 pair of boots (worn)
Wands
 r - a wand of iceblast (0/15)
 B - a wand of lightning (0/15)
 G - a wand of confusion (25/48)
Scrolls
 l - 3 scrolls of remove curse
 m - 2 scrolls of enchant weapon
 n - a scroll of fear {unknown}
 q - a scroll of magic mapping {unknown}
 x - 2 scrolls of teleportation
 y - a scroll of immolation
 F - 2 scrolls of amnesia
 H - a scroll of blinking
 I - a scroll of fog
Potions
 i - a potion of agility
 j - a potion of brilliance
 k - a potion of lignification
 p - 2 potions of curing
 s - 2 potions of degeneration
 u - a potion of berserk rage
 w - a potion of resistance
 D - 2 potions of flight
Books
 A - a book of Callings

   Spells                             Type                      Level
   a - Summon Small Mammal            Summoning                    1
   b - Call Imp                       Summoning                    2
   c - Call Canine Familiar           Summoning                    3
   d - Summon Guardian Golem          Hexes/Summoning              3
   e - Summon Lightning Spire         Summoning/Air                4
   f - Summon Ice Beast               Ice/Summoning                4
Comestibles
 g - 5 bread rations
 z - 3 fruits
 C - a meat ration
 J - 11 chunks of flesh


   Skills:
 - Level 1.7 Fighting
 + Level 4.2 Short Blades
 - Level 1.7 Throwing
 - Level 0.7 Dodging
 + Level 7.7 Stealth
 + Level 1.3 Spellcasting
 + Level 1.4 Summonings
 + Level 1.7 Evocations


You had 5 spell levels left.
You knew the following spells:

 Your Spells              Type           Power        Failure   Level  Hunger
a - Summon Small Mammal   Summ           #...         21%         1    ##.....
b - Call Imp              Summ           #.......     34%         2    ###....


Dungeon Overview and Level Annotations

Branches:
Dungeon (5/15)
 Temple: D:4-7

Altars:
Ashenzari
Cheibriados
Fedhas
Nemelex Xobeh
Ru
Sif Muna
Uskayaw
Xom
The Shining One

Shops:
D:5 ?


Innate Abilities, Weirdness & Mutations

You have extremely sharp teeth.
Your natural rate of healing is unusually fast.
When hurt, damage is shared between your health and your magic reserves.
Your bite disrupts and absorbs the magic of your enemies.
Potions and wands cannot restore your health.
You are immune to rotting.


Message History

You bite the ice beast, but do no damage.
The ice beast is almost dead.
The ice beast hits you. The ice beast freezes you!
You hit the ice beast but do no damage. You bite the ice beast.
You drain its power.
You feel invigorated.
The ice beast is almost dead.
You closely miss the ice beast.
You bite the ice beast, but do no damage.
The ice beast is almost dead.
The ice beast barely misses you.
You hit the ice beast but do no damage.
You bite the ice beast, but do no damage.
The ice beast is almost dead.
The ice beast hits you. The ice beast freezes you!
You hit the ice beast.
The ice beast is almost dead.
The ice beast hits you.
* * * LOW HITPOINT WARNING * * *
The ice beast freezes you!
You die...

####..#..#...#
#.....####'##
8 >.......
#8.8# #
#..###[#.#...#
# #.#
#...#...# #.
#####...####
#8.......8#
#._.._....#
#8.....Y@8#
#.........#
#...!....)#
#8_.._.._8#
#.8.8.8.8.#
###########


You could see an ice beast.

Vanquished Creatures
  A centaur (D:5)
  The ghost of Ubik the Shooter, a weakling HEHu (D:4)
  A crimson imp (D:5)
  An orc priest (D:4)
  A centaur skeleton (D:4)
  2 orc wizards (D:5)
  2 worker ants
  7 adders
  An ooze (D:4)
  2 adder skeletons (D:4)
  5 worms
  2 dart slugs
  A leopard gecko (D:3)
  8 orcs
  2 giant cockroaches
  3 goblins
  8 hobgoblins
  3 quokkas
  5 bats
  6 frilled lizards
  8 kobolds
  10 rats
80 creatures vanquished.

Vanquished Creatures (others)
  An orc (D:5)
1 creature vanquished.

Grand Total: 81 creatures vanquished

Notes
Turn   | Place    | Note
-------+----------+-------------------------------------------
     0 | D:1      | empire the Vine Stalker Assassin began the quest for the Orb.
     0 | D:1      | Reached XP level 1. HP: 11/11 MP: 2/2
    80 | D:1      | Reached skill level 5 in Stealth
   121 | D:1      | Reached XP level 2. HP: 10/15 MP: 3/3
   134 | D:1      | Found a shattered altar of Ashenzari.
   870 | D:2      | Reached XP level 3. HP: 18/18 MP: 4/4
  1474 | D:3      | Gained mutation: Your natural rate of healing is unusually fast. [Vine Stalker growth]
  1474 | D:3      | Reached XP level 4. HP: 12/23 MP: 5/5
  1532 | D:3      | Reached skill level 6 in Stealth
  1669 | D:3      | Found a glowing golden altar of the Shining One.
  1713 | D:3      | Found a deep blue altar of Sif Muna.
  2044 | D:4      | Noticed a hand axe
  2044 | D:4      | Noticed a hand axe
  2063 | D:4      | Reached XP level 5. HP: 18/26 MP: 1/6
  2072 | D:4      | Found a hide-covered altar of Uskayaw.
  2139 | D:4      | Noticed Ubik's ghost (weakling HEHu)
  2148 | D:4      | Killed Ubik's ghost
  2148 | D:4      | Reached skill level 7 in Stealth
  2332 | D:4      | Reached XP level 6. HP: 23/30 MP: 5/7
  2332 | D:4      | Reached skill level 1 in Evocations
  2412 | D:4      | Learned a level 1 spell: Summon Small Mammal
  2415 | D:4      | Learned a level 2 spell: Call Imp
  2652 | D:5      | Entered Level 5 of the Dungeon
  2656 | D:5      | Found Temysonn's Magic Scroll Shop.
  2666 | D:5      | Bought a scroll of blinking for 105 gold pieces
  2666 | D:5      | Bought a scroll of fog for 28 gold pieces
  2666 | D:5      | Bought a scroll of amnesia for 49 gold pieces
  2710 | D:5      | Reached skill level 1 in Spellcasting
  2710 | D:5      | Reached skill level 1 in Summonings
  2717 | D:5      | Reached XP level 7. HP: 14/34 MP: 4/9
  2755 | D:5      | Found a sacrificial altar of Ru.
  2833 | D:5      | Found a shimmering altar of Xom.
  2835 | D:5      | Found a shattered altar of Ashenzari.
  2835 | D:5      | Found a sparkling altar of Nemelex Xobeh.
  2837 | D:5      | Found a blossoming altar of Fedhas.
  2837 | D:5      | Found a deep blue altar of Sif Muna.
  2837 | D:5      | Found a snail-covered altar of Cheibriados.
  2868 | D:5      | Slain by an ice beast

Skill      XL: |  1  2  3  4  5  6 |
---------------+-------------------+-----
Stealth        | 5 6 7 |  7.7
Short Blades   | 2 3 4 |  4.2
Evocations     | 1 |  1.7
Spellcasting   | 1 |  1.3
Summonings     | 1 |  1.4
Fighting       | |  1.7
Throwing       | |  1.7
Dodging        | |  0.7

Action                   |  1- 3 |  4- 6 |  7- 9 || total
-------------------------+-------+-------+-------++-------
Melee: Dagger            |    73 |   131 |    32 ||   236
       Bite              |    18 |    40 |    15 ||    73
Evoke: Wand              |       |     7 |     1 ||     8
  Use: Scroll            |     6 |       |     7 ||    13
       Potion            |       |     5 |       ||     5
 Stab: Sleeping          |    11 |     7 |       ||    18
       Distracted        |       |     1 |       ||     1
  Eat: Chunk             |     2 |     3 |     1 ||     6
Armor: Robe              |     7 |    33 |     3 ||    43
       Skin              |       |    10 |     3 ||    13
Dodge: Dodged            |    23 |    74 |    13 ||   110
